 Dungeon Crawl Stone Soup version 0.29.0-4-gdea44cf6ec (webtiles) character file.

Game seed: 16757120991217454748

37 qw the Chopper (level 3, -2/21 HPs)
             Began as a Tengu Warper on Aug 28, 2022.
             Succumbed to their own poison gas
             ... on level 1 of the Dungeon.
             The game lasted 00:00:04 (979 turns).

qw the Chopper (Tengu Warper)                        Turns: 979, Time: 00:00:05

Health: -2/21      AC:  5    Str: 13    XL:     3   Next: 41%
Magic:  7/7        EV:  9    Int: 13    God:
Gold:   45         SH: 12    Dex: 13    Spells: 6/6 levels left

rFire   . . .      SeeInvis .   Y - +1 hand axe
rCold   . . .      Faith    .   j - +0 kite shield
rNeg    . . .      Spirit   .   f - +0 ring mail
rPois   .          Reflect  +   (helmet restricted)
rElec   .          Harm     .   (no cloak)
rCorr   .          Rampage  .   (no gloves)
Will    .....                   (boots unavailable)
Stlth   +.........              i - amulet of reflection
HPRegen 0.07/turn               (no ring)
MPRegen 0.10/turn               (no ring)

@: lethally poisoned (-2 -> -15), weak-willed
A: beak, talons 3
a: no special abilities


You were on level 1 of the Dungeon.
You visited 1 branch of the dungeon, and saw 1 of its levels.

You collected 45 gold pieces.


Innate Abilities, Weirdness & Mutations

You have a beak for a mouth.
You have claws for feet.


   Skills:
 - Level 2.0 Fighting
 - Level 4.1 Axes
 - Level 1.0 Throwing
 - Level 1.1 Armour
 - Level 2.1 Dodging
 + Level 0.0 Shields
 - Level 2.0 Spellcasting
 - Level 2.4 Translocations


You had 6 spell levels left.
You didn't know any spells.
Your spell library contained the following spells:

 Spells                   Type           Power      Damage    Failure   Level
 Blink                    Tloc           14%        N/A       75%         2
 Gell's Gravitas          Tloc           7%         N/A       92%         3
 Lesser Beckoning         Tloc           7%         N/A       92%         3
 Teleport Other           Tloc           7%         N/A       92%         3
 Manifold Assault         Tloc           7%         N/A       100%        5

Inventory:

Hand Weapons
 e - a +0 mace
 Y - a +1 hand axe (weapon)
Armour
 f - a +0 ring mail (worn)
 j - a +0 kite shield (worn)
Jewellery
 i - an amulet of reflection (around neck)
Potions
 d - a potion of magic {unknown}
 k - a potion of might {unknown}

Dungeon Overview and Level Annotations

Branches:
Dungeon (1/15)

Altars:


Message History

As you read the scroll labelled MUKHLA VINATS, it crumbles to dust.
It is a scroll of enchant weapon.
Your +0 hand axe glows red for a moment.
Done exploring.
971 ||| READING 2 scrolls labelled KOWEYCK QANT.
As you read the scroll labelled KOWEYCK QANT, it crumbles to dust.
You hear a loud clanging noise!
It was a scroll of noise.
Done exploring.
972 ||| READING scroll labelled NESIYRUFYR.
The air fills with toxic fumes!
As you read the scroll labelled NESIYRUFYR, it crumbles to dust.
It was a scroll of poison.
Done exploring.
973 ||| READING scroll labelled BYHYOSTIUNT.
As you read the scroll labelled BYHYOSTIUNT, it crumbles to dust.
Magic quickly surges around you.
It was a scroll of vulnerability.
Done exploring.
974 ||| DROPPING scroll of blinking.
You drop a scroll of blinking.
Done exploring.
975 ||| DROPPING scroll of noise.
You drop a scroll of noise.
Done exploring.
(D) Dungeon
Where to? (* - list waypoints, ? - help)
What level of the Dungeon? (default 1, ? - help) Sorry, I don't know how to get there.
Done exploring.
976 ||| Stepping randomly (stuck).
Really walk into that cloud of poison gas?
You are engulfed in poison gas.
You are lethally poisoned!
You feel very sick.
977 ||| Stepping ~*~*~tactically~*~*~ (cloud).
You feel very sick.
Things that are here:
a scroll of noise; a scroll of blinking; a +0 leather armour
There is a lethal amount of poison in your body!
You feel very sick.
There is a lethal amount of poison in your body!
You die...

#.... #.###
##############.###
#0¤....##........#
#¤####.##.####.#.%
#0####.##.# #.###
#0##......# #....
#0##.#.#### #####
#@¤¤¤¤¤# ####¤###
######### ##.#
#.......# ###..##
#........ #.....#
#........ #.#.#.#
#........ #.#.#.#
#.......# #.#...#
#.......#
#.##..############


There were no monsters in sight!

Vanquished Creatures
  A gnoll (D:1)
  A dart slug (D:1)
  3 endoplasms (D:1)
  2 goblins (D:1)
  3 hobgoblins (D:1)
  4 jackals (D:1)
  A kobold (D:1)
  3 quokkas (D:1)
  2 bats (D:1)
  2 frilled lizards (D:1)
22 creatures vanquished.

Notes
Turn   | Place    | Note
-------+----------+-------------------------------------------
     0 | D:1      | qw the Tengu Warper began the quest for the Orb.
     0 | D:1      | Reached XP level 1. HP: 12/12 MP: 4/4
     0 | D:1      | 0 ||| qw: Version: 0.1-a-89-g26bdef1
     0 | D:1      | 0 ||| qw: Game counter: 1159
     0 | D:1      | 0 ||| qw: Always use a shield: true
     0 | D:1      | 0 ||| qw: God list: Okawaru
     0 | D:1      | 0 ||| qw: Allow faded altars: false
     0 | D:1      | 0 ||| qw: Do Orc after D:15 true
     0 | D:1      | 0 ||| qw: Do second Lair branch before Depths: true
     0 | D:1      | 0 ||| qw: Lair rune preference: random
     0 | D:1      | 0 ||| qw: Plans: Normal
     0 | D:1      | 0 ||| PLANNING D:1-11
   139 | D:1      | HP: 3/12 [gnoll/+0 whip (3)]
   142 | D:1      | Reached skill level 3 in Axes
   142 | D:1      | Reached XP level 2. HP: 5/17 MP: 6/6
   454 | D:1      | 454 ||| Stepping ~*~*~tactically~*~*~ (stealth).
   462 | D:1      | 462 ||| Stepping ~*~*~tactically~*~*~ (stealth).
   515 | D:1      | Reached XP level 3. HP: 18/21 MP: 7/7
   566 | D:1      | Found a faded altar of an unknown god.
   695 | D:1      | 695 ||| Stepping ~*~*~tactically~*~*~ (stealth).
   701 | D:1      | Reached skill level 4 in Axes
   949 | D:1      | 949 ||| UPGRADING to +0 ring mail.
   959 | D:1      | 959 ||| DROPPING +0 leather armour.
   960 | D:1      | 960 ||| UPGRADING to +0 kite shield.
   965 | D:1      | 965 ||| UPGRADING to amulet of reflection.
   970 | D:1      | 970 ||| READING scroll labelled MUKHLA VINATS.
   971 | D:1      | 971 ||| READING 2 scrolls labelled KOWEYCK QANT.
   972 | D:1      | 972 ||| READING scroll labelled NESIYRUFYR.
   973 | D:1      | 973 ||| READING scroll labelled BYHYOSTIUNT.
   974 | D:1      | 974 ||| DROPPING scroll of blinking.
   975 | D:1      | 975 ||| DROPPING scroll of noise.
   976 | D:1      | 976 ||| Stepping randomly (stuck).
   977 | D:1      | 977 ||| Stepping ~*~*~tactically~*~*~ (cloud).
   977 | D:1      | HP: 4/21 [poisoned by you (poison gas)]
   978 | D:1      | HP: 1/21 [poisoned by you (poison gas)]
   979 | D:1      | Succumbed to their own poison gas

Levels and vault maps discovered:
D:1:      erik_arrival_orb_chamber, layout_loops_cross, basic_ecumenical_altar

Skill      XL: |  1  2  3 |
---------------+----------+-----
Axes           | 3 4 |  4.1
Fighting       | |  2.0
Throwing       | |  1.0
Armour         | |  1.1
Dodging        | |  2.1
Spellcasting   | |  2.0
Translocations | |  2.4

Action                   || total
-------------------------++-------
Melee: Hand axe          ||    38
       Kick              ||     7
       Peck              ||     7
Throw: Boomerang         ||     7
  Use: Scroll            ||     4
Armor: Leather armour    ||     8
Dodge: Dodged            ||    25

Table legend:
 A = Non-vault XP
 B = Vault XP
 C = Vault XP percentage of total XP
 D = Non-vault monster count
 E = Vault monster count
 F = Vault count percentage of total count
                 A         B        C        D         E       F
            +---------+---------+-------+---------+---------+-------
      Total |      54 |       0 |   0.0 |      22 |       0 |   0.0
            +---------+---------+-------+---------+---------+-------
        D:1 |      54 |       0 |   0.0 |      22 |       0 |   0.0
            +---------+---------+-------+---------+---------+-------
